Map: Lost and Found LE

Players

PurplePills - Winner!

  • Race: Terran Terran
  • Spawn Location: 7:00

Iceman

  • Race: Zerg Zerg
  • League: Diamond
  • Spawn Location: 1:00

VOD

Have the link to the VOD?

Description

Time

  • Played on: Aug. 16, 2018, 3:38 p.m.
  • Length: 12:18
Show
View Real Time Build Order
Export as new Build Order

PurplePills Terran - Winner!

Build Orders: Bio Tank 

Get SALT Encoding   

  12  0:01  SCV  
  13  0:13  SCV  
  14  0:18  Supply Depot  
  14  0:25  SCV  
  14  0:27  Refinery  
  15  0:40  SCV  
  16  0:45  Barracks  
  16  0:52  SCV  
  17  1:04  SCV  
  18  1:16  SCV  
  19  1:28  SCV  
  20  1:37  Command Center  
  20  1:41  Orbital Command  
  20  1:45  Reaper  
  21  1:57  Factory  
  21  2:07  Supply Depot, SCV  
  22  2:19  Barracks Reactor  
  22  2:21  SCV  
  23  2:30  Bunker  
  23  2:32  Refinery  
  23  2:33  SCV  
  24  2:41  Factory Tech Lab  
  24  2:44  Barracks  
  24  2:46  SCV  
  25  2:58  SCV  
  26  2:59  Marine x2  
  26  3:03  Orbital Command  
  28  3:09  Siege Tank  
  28  3:10  SCV  
  32  3:23  SCV  
  32  3:24  Marine x2  
  35  3:28  SCV  
  36  3:34  Barracks Tech Lab  
  36  3:35  SCV  
  36  3:38  Starport  
  36  3:40  SCV  
  38  3:45  Marine x2  
  38  3:48  SCV  
  41  3:53  SCV  
  41  3:54  Stimpack  
  42  3:56  Engineering Bay, Marine  
  42  4:00  SCV  
  43  4:03  Marine x2  
  43  4:05  SCV  
  46  4:10  Supply Depot  
  46  4:13  Supply Depot  
  46  4:14  Starport Reactor  
  46  4:19  SCV, Siege Tank  
  50  4:24  SCV  
  50  4:26  Marine x2  
  50  4:27  Refinery  
  53  4:31  SCV  
  53  4:32  Supply Depot  
  53  4:37  SCV  
  55  4:38  Marine  
  55  4:42  Terran Infantry Weapons Level 1  
  55  4:44  Marine x2  
  58  4:46  SCV  
  58  4:49  SCV  
  60  4:58  SCV, Siege Tank  
  60  4:59  Marine  
  65  5:01  SCV  
  65  5:02  Marine x2  
  68  5:07  Refinery  
  68  5:10  SCV  
  68  5:12  Engineering Bay, Medivac  
  68  5:13  SCV  
  72  5:17  Marine  
  72  5:19  Medivac  
  72  5:20  Marine  
  76  5:24  Supply Depot  
  76  5:39  SCV  
  77  5:45  SCV  
  77  5:46  Medivac  
  80  5:58  Marine x3, SCV  
  80  5:59  Combat Shields  
  84  6:05  Command Center  
  84  6:09  Supply Depot  
  84  6:10  Supply Depot, Terran Infantry Armor Level 1  
  84  6:13  Armory  
  84  6:16  Marine x2  
  86  6:20  Barracks  
  86  6:30  Marine, Siege Tank  
  78  6:45  SCV  
  78  7:03  SCV, Siege Tank  
  82  7:17  Marine x4  
  79  7:33  Barracks  
  79  7:35  Marine x4, Siege Tank  
  78  7:52  Marine  
  78  7:53  Marine x3  
  82  8:06  Terran Infantry Weapons Level 2  
  82  8:07  Supply Depot  
  82  8:08  Terran Infantry Armor Level 2  
  82  8:09  Supply Depot, Terran Vehicle Weapons Level 1  
  82  8:10  Marine x2  
  82  8:11  Marine x2  
  83  8:22  Medivac x2  
  83  8:23  Planetary Fortress  
  87  8:28  Marine x2  
  87  8:29  Marauder  
  87  8:30  Barracks Tech Lab  
  87  8:31  Barracks Tech Lab  
  87  8:33  Barracks  
  91  8:41  Supply Depot  
  91  8:43  Command Center  
  91  8:45  SCV x2  
  93  8:49  Siege Tank  
  93  8:50  Marauder  
  93  8:53  Marine, Marauder x2  
  103  8:57  SCV x2, Refinery  
  105  9:02  Refinery  
  105  9:03  SCV  
  105  9:09  SCV x2  
  108  9:12  Marauder  
  108  9:15  SCV  
  111  9:21  SCV x2  
  111  9:22  Barracks Reactor  
  113  9:27  Marine x2, Marauder x2, SCV  
  120  9:33  SCV  
  120  9:35  SCV  
  122  9:40  Marauder, SCV  
  122  9:41  Medivac x2  
  122  9:44  Marine x2, Siege Tank  
  134  9:45  SCV  
  134  9:47  SCV  
  134  9:48  Marine, Marauder  
  134  9:52  SCV  
  140  9:56  SCV  
  140  9:58  Marine x2, SCV  
  144  10:01  Marine  
  144  10:03  SCV  
  146  10:11  Medivac  
  148  10:16  Siege Tank  
  148  10:19  Marine x3  
  148  10:20  Medivac  
  145  10:32  SCV  
  129  10:58  Marine x4  
  129  10:59  Marauder x3  
  133  11:15  Medivac x2  
  133  11:16  Marine x4  
  141  11:20  Marauder x3  
  137  11:34  Marine x3  
  137  11:41  Marauder x2  
  137  11:42  Marauder  
  138  11:53  Marine x4  
  145  12:02  SCV x3  
  154  12:14  Factory  
Show
View Real Time Build Order
Export as new Build Order

Iceman Zerg 

Build Orders: Hatch First 

Get SALT Encoding   

  12  0:01  Drone  
  13  0:13  Overlord  
  13  0:17  Drone  
  14  0:31  Drone x2  
  17  0:35  Drone  
  17  0:53  Hatchery  
  17  0:56  Drone  
  17  1:00  Drone  
  18  1:10  Extractor  
  17  1:15  Spawning Pool  
  16  1:19  Drone x2  
  18  1:28  Drone  
  19  1:39  Overlord  
  19  1:52  Drone  
  20  2:02  Zergling x2, Queen  
  20  2:05  Zergling x2  
  24  2:10  Queen  
  26  2:18  Drone x2  
  28  2:26  Hatchery  
  28  2:28  Drone  
  28  2:31  Drone  
  28  2:34  Drone  
  30  2:37  Drone  
  30  2:41  Metabolic Boost  
  31  2:46  Drone  
  32  2:56  Drone x2  
  32  2:57  Pneumatized Carapace  
  34  3:03  Drone  
  35  3:07  Drone  
  36  3:24  Overlord  
  36  3:37  Queen, Drone  
  36  3:38  Drone x3  
  42  3:42  Queen  
  44  3:49  Drone x6  
  44  3:55  Spore Crawler  
  50  4:03  Extractor, Roach Warren  
  50  4:04  Extractor  
  47  4:11  Zergling x6  
  50  4:25  Overlord  
  50  4:26  Overlord  
  50  4:33  Overlord  
  50  4:40  Lair  
  50  4:43  Queen x2  
  50  4:44  Drone x8  
  62  4:46  Evolution Chamber  
  62  4:52  Zergling x10  
  66  4:53  Zergling x2  
  66  4:55  Overlord  
  67  5:05  Roach x3  
  73  5:13  Drone x6  
  79  5:19  Zerg Ground Armor Level 1, Queen  
  82  5:28  Drone  
  82  5:29  Overlord  
  82  5:37  Glial Reconstitution  
  82  5:39  Overseer  
  82  5:50  Ravager x2  
  82  5:51  Ravager  
  82  5:52  Roach x2  
  82  5:54  Overlord x4  
  82  5:56  Spore Crawler  
  88  6:13  Zergling x2  
  88  6:14  Zergling x18  
  97  6:29  Zergling x22  
  89  6:41  Zergling x10  
  89  6:45  Roach  
  96  6:49  Roach x2  
  100  6:57  Roach x3  
  100  7:00  Roach x2, Extractor  
  108  7:17  Ravager x3  
  108  7:19  Zergling x10  
  108  7:20  Queen x3  
  108  7:22  Zergling x2  
  121  7:34  Zergling x2  
  122  7:41  Ravager  
  122  7:42  Ravager  
  122  7:43  Ravager x2  
  121  7:44  Overlord x2  
  121  7:45  Overlord  
  121  7:48  Spire  
  121  7:49  Extractor  
  121  7:50  Drone x6  
  115  7:54  Overlord  
  115  8:07  Drone x5  
  115  8:09  Drone  
  119  8:23  Drone x2  
  119  8:24  Drone x3  
  119  8:26  Extractor  
  123  8:33  Evolution Chamber  
  121  8:38  Hatchery  
  120  8:44  Zerg Ground Armor Level 2  
  120  8:48  Zergling x10  
  120  8:49  Zergling x6  
  128  8:59  Overlord  
  128  9:00  Overlord x4  
  128  9:03  Zerg Flyer Weapons Level 1, Mutalisk  
  128  9:04  Mutalisk  
  128  9:05  Mutalisk  
  128  9:07  Mutalisk  
  128  9:09  Mutalisk x3  
  142  9:14  Zerg Melee Weapons Level 1, Baneling Nest  
  141  9:19  Mutalisk  
  141  9:21  Overlord x2  
  141  9:23  Overlord  
  143  9:24  Overlord  
  143  9:26  Overlord  
  143  9:28  Overseer  
  143  9:33  Overlord  
  143  9:35  Overlord  
  143  9:37  Mutalisk x2  
  147  9:39  Drone x5  
  147  9:43  Infestation Pit  
  152  9:45  Drone x2  
  152  9:49  Drone  
  152  9:50  Drone  
  155  9:54  Drone x2  
  157  10:01  Mutalisk x3  
  157  10:03  Drone x4  
  157  10:05  Spore Crawler  
  157  10:06  Drone x3  
  157  10:07  Drone x3  
  172  10:08  Spine Crawler  
  171  10:18  Nydus Network  
  146  10:31  Mutalisk  
  146  10:33  Zergling x24  
  146  10:34  Zergling x2  
  145  10:38  Zergling x8  
  141  10:50  Mutalisk x4  
  141  10:53  Mutalisk x2  
  117  11:02  Zergling x16, Queen x2  
  117  11:03  Queen  
  112  11:04  Zergling x6  
  112  11:05  Zergling x2  
  106  11:12  Zergling x4  
  106  11:14  Zergling x2  
  106  11:17  Zergling x2  
  100  11:26  Mutalisk x4  
  100  11:28  Zergling x8  
  100  11:29  Zergling x2  
  100  11:35  Mutalisk  
  98  11:45  Mutalisk  
  93  11:50  Zergling x2  
  93  11:51  Zergling x4  
  93  11:53  Zergling x2  
  79  11:58  Zergling x6  
  79  11:59  Zergling x2  
  58  12:18  Hatchery  
Tags
 
Composition
Bio Tank
League
Diamond
Matchup
TvZ
Spawn Locations
Cross Positions
Add a new tag
Caveats
  • Supply blocks, unpowered buildings, or Contaminate may cause inaccurate times.
  • Supply counts are checked every 10 seconds.